 Dungeon Crawl Stone Soup version 0.19.1 (webtiles) character file.

137 Jerry the Slasher (level 5, -8/41 HPs)
             Began as a Demonspawn Berserker on Dec 26, 2016.
             Was a Believer of Trog.
             Mangled by Sigmund
             ... wielding a +0 scythe
              (11 damage)
             ... on level 2 of the Dungeon.
             The game lasted 00:04:09 (1769 turns).

Jerry the Slasher (Demonspawn Berserker)            Turns: 1769, Time: 00:04:10

Health: -8/41      AC:  6    Str: 19    XL:     5   Next: 0%
Magic:  5/5        EV: 14    Int:  8    God:    Trog [**....]
Gold:   84         SH:  0    Dex: 12    Spells: 0 memorised, 4 levels left

rFire  . . .     SeeInvis .     n - +0 great sword
rCold  . . .     Gourm    .     l - +0 ring mail (curse)
rNeg   . . .     Faith    .     (shield currently unavailable)
rPois  .         Spirit   .     (no helmet)
rElec  .         Reflect  .     o - +0 cloak
rCorr  .         Harm     .     (no gloves)
MR     .....                    (no boots)
Stlth  +.........               (no amulet)
                                (no ring)
                                (no ring)

@: exhausted, slowed, very slow
A: repulsion field 1, powered by pain 1
a: Berserk, Trog's Hand, Burn Spellbooks, Renounce Religion


You were on level 2 of the Dungeon.
You worshipped Trog.
Trog was pleased with you.
You were hungry.

You visited 1 branch of the dungeon, and saw 2 of its levels.

You collected 84 gold pieces.

Inventory:

Hand Weapons
 a - a +0 falchion
 n - a +0 great sword (weapon)
Armour
 b - a +0 animal skin
 h - a +0 chain mail
 l - a cursed +0 ring mail (worn)
 o - a +0 cloak (worn)
Jewellery
 p - an uncursed amulet of rage
Scrolls
 e - 2 scrolls of recharging
 i - a scroll of identify
Potions
 d - 2 potions of heal wounds
 g - a potion of haste {unknown}
 j - a potion of flight {unknown}
 m - a potion of magic {unknown}
 q - a potion of might {unknown}
Comestibles
 c - 2 bread rations
 f - a meat ration
 k - 3 chunks of flesh


   Skills:
 - Level 3.0 Fighting
 + Level 3.4 Long Blades
 + Level 3.4 Armour
 + Level 2.9 Dodging


You had 4 spell levels left.
You didn't know any spells.

Dungeon Overview and Level Annotations

Branches:
Dungeon (2/15)

Altars:

Annotations:
D:2 Sigmund


Innate Abilities, Weirdness & Mutations

You are surrounded by a mild repulsion field. (EV +2)
You sometimes gain a little power by taking damage.


Message History

Sigmund gestures wildly while chanting.
Sigmund flickers and vanishes!
Deactivating autopickup; reactivate with Ctrl-A.
No target in view!
No target in view!
You miss something. Something hits you.
You miss something. Something hits you.
You completely miss something. You completely miss something.
Something hits you.
You hit something.
You are no longer berserk.
You are exhausted.
You feel yourself slow down. Something hits you!
* * * LOW HITPOINT WARNING * * *
You closely miss something. Something hits you.
* * * LOW HITPOINT WARNING * * *
You barely miss something. Something hits you!
* * * LOW HITPOINT WARNING * * *
Something hits you!
You die...

## #######.# .# ###.......# # .#
#.+.......# # .# #.#.......# #
.### #.........# ### ...# ######
#.###[....######..
##.#####....####.{.......#...##..
................@........#.#.....
##....#.##...................รท...
##..#.#[.#.######.#...####.#.....
##..#.##.#.# #.#...# #.......
....#......######.#...# ###.....
...........#......##### #......
..#.#.######.###### ##.#.#.
..#.#.######.######## ####.....
...>................. ........#


There were no monsters in sight!

Vanquished Creatures
  Crazy Yiuf (D:2)
  Terence (D:2)
  3 adders (D:2)
  An ooze (D:2)
  2 dart slugs (D:1)
  2 ball pythons
  5 giant cockroaches
  6 goblins
  2 hobgoblins (D:1)
  12 jackals
  2 kobolds
  5 bats (D:1)
  4 rats (D:2)
46 creatures vanquished.

Notes
Turn   | Place    | Note
-------+----------+-------------------------------------------
     0 | D:1      | Jerry the Demonspawn Berserker began the quest for the Orb.
     0 | D:1      | Reached XP level 1. HP: 18/18 MP: 1/1
   228 | D:1      | Gained mutation: You sometimes gain a little power by taking damage. [demonic ancestry]
   228 | D:1      | Reached XP level 2. HP: 23/24 MP: 2/2
   801 | D:1      | Reached ** piety under Trog
  1006 | D:1      | Gained mutation: You are surrounded by a mild repulsion field. (EV +2) [demonic ancestry]
  1006 | D:1      | Reached XP level 3. HP: 28/29 MP: 3/3
  1096 | D:2      | Noticed Terence
  1117 | D:2      | Killed Terence
  1370 | D:2      | Reached XP level 4. HP: 30/35 MP: 4/4
  1574 | D:2      | Found a runed door.
  1578 | D:2      | Noticed Crazy Yiuf
  1581 | D:2      | Killed Crazy Yiuf
  1670 | D:2      | Reached XP level 5. HP: 41/41 MP: 5/5
  1752 | D:2      | Noticed Sigmund
  1769 | D:2      | Mangled by Sigmund

Skill      XL: |  1  2  3 |
---------------+----------+-----
Armour         | 2 3 |  3.4
Dodging        | 2 |  2.9
Long Blades    | 3 |  3.4
Fighting       | |  3.0

Action                   |  1- 3 |  4- 6 || total
-------------------------+-------+-------++-------
Melee: Falchion          |   135 |    14 ||   149
       Great sword       |       |    35 ||    35
Invok: Berserk           |     2 |     2 ||     4
  Use: Scroll            |     4 |     1 ||     5
 Stab: Sleeping          |     1 |       ||     1
  Eat: Chunk             |     2 |     4 ||     6
Armor: Animal skin       |     6 |       ||     6
       Chain mail        |    51 |       ||    51
       Ring mail         |    27 |    10 ||    37
Dodge: Dodged            |    82 |    32 ||   114
       Rpst.: Falchion   |    26 |     5 ||    31
       Great sword       |       |     6 ||     6
